Unix xNetHack Version 8.0.0 - last build Jan 14 2024 16:46:22 (be4d3c81716514284228e1a23197c27ddb32b841). Game began 2024-03-19 15:56:40, ended 2024-03-19 16:30:28. Catomat, neutral female human Wizard ---- --..| - --- ---...| . ------.----.....--.- -..[.........)..)%.f.| -----.....-------.@--- --..<-- --.G. ----- |.(..- ---.G. ..0 .. .-- -- Catomat the Conjurer St:10 Dx:17 Co:10 In:18 Wi:10 Ch:10 Neutral S:688 Dlvl:3 $:332 HP:0(24) Pw:3(34) AC:9 Exp:3 T:1044 Latest messages: You kill the dwarf! Welcome to experience level 3. A ruby potion shatters! There are a few objects here. There is a dwarf corpse here; eat it? [ynq] (n) This dwarf corpse tastes fatty. You stop eating the dwarf corpse. In what direction? The spell hits the gnome! You kill the gnome! There is a partly eaten dwarf corpse here; eat it? [ynq] (n) You resume your meal. The dwarf throws a dagger! A dagger misses you. You stop eating the dwarf corpse. In what direction? The spell hits the dwarf! You kill the dwarf! Mewmew eats a partly eaten dwarf corpse. The gnome hurls a brown potion! The jar crashes on your head and breaks into shards. The brown potion evaporates. You feel rather tired. The gnome shoots 2 silver crossbow bolts! The 1st silver crossbow bolt misses you. You are hit by the 2nd silver crossbow bolt. The gnome shoots a silver crossbow bolt! You are hit by a silver crossbow bolt. You can move again. You see here a gnome corpse. The gnome shoots 2 crossbow bolts! You are hit by the 1st crossbow bolt. You are hit by the 2nd crossbow bolt. What do you want to use or apply? [c-inw or ?*] You produce a strange whistling sound. Mewmew shifts location. The gnome shoots 2 crossbow bolts! You are hit by the 1st crossbow bolt. You are hit by the 2nd crossbow bolt! In what direction? In what direction? In what direction? The gnome swings his stone crossbow. The gnome hits! You die... Do you want your possessions identified? [ynq] (y) Do you want to see your attributes? [ynq] (y) Do you want an account of creatures vanquished? [ynaq] (y) Do you want to see your conduct and achievements? [ynq] (y) Do you want to see the dungeon overview? [ynq] (y) Inventory: Inventory: 313/550 weight (16/52 slots) Coins $ - 332 gold pieces {3} Weapons o - 10 +0 darts (at the ready) {10} l - a rusty +0 orcish dagger (weapon in hand) {10} a - a blessed +1 quarterstaff {40} Armor b - a blessed +0 cloak of magic resistance (being worn) {8} Comestibles p - an uncursed lichen corpse {20} Scrolls m - 2 uncursed scrolls of identify {10} Spellbooks e - an uncursed spellbook of detect monsters {45} c - a blessed spellbook of force bolt {35} d - a blessed spellbook of magic missile {40} f - an uncursed spellbook of sleep {45} Potions B - an uncursed potion of monster detection {20} Wands i - a wand of polymorph (0:6) {7} Tools h - an uncursed blindfold {2} g - a magic marker (0:35) {2} w - an uncursed magic whistle {3} n - an uncursed mirror {13} Catomat the Wizard's attributes: Background: You were a Conjurer, a level 3 female human Wizard. You were neutral, nominally on a mission for Thoth who was opposed by Ptah (lawful) and Anhur (chaotic). You were heterosexual. You were in the Gnomish Mines, on level 3. You entered the dungeon 1044 turns ago. You had 64 experience points, 16 more were needed to attain level 4. Your score was 688 before end-of-game adjustments. Basics: You had 0 out of 24 hit points. You had 3 out of 34 energy points (spell power). Your armor class was 9. Your wallet contained 332 zorkmids. Autopickup was on for '$"?!=/' plus thrown. Final Characteristics: Your strength was 10 (limit:18/100). Your dexterity was 17 (limit:18). Your constitution was 10 (limit:18). Your intelligence was 18 (limit:18). Your wisdom was 10 (limit:18). Your charisma was 10 (limit:18). Final Status: You were not hungry. You were unencumbered. You were wielding a dagger. You were unskilled in dagger. Final Attributes: You were devoutly aligned. You were magic-protected. You were warded. You are dead. Miscellaneous: You never encountered a bones level. Total elapsed playing time was 33 minutes and 47 seconds. Major events: Turn 1: Catomat the neutral female human Wizard entered the dungeon 1010: entered the Gnomish Mines 1014: attained the rank of Conjurer (level 3) 1044: killed by a gnome Vanquished creatures: 2 dwarves an acid blob a coyote 3 gnomes a jackal a kobold 2 goblins a grid bug 2 lichens 3 kobold zombies 3 newts 20 creatures vanquished. No species were genocided or became extinct. Voluntary challenges: You were an atheist. You read items or engraved 2 times. You never genocided any monsters. You never polymorphed an object. You never changed form. You never touched an artifact. You used no wishes. You never scared an enemy with impunity. You were celibate. You never generated conflict. Achievements: You entered a shop. You entered the Gnomish Mines. You attained the rank of Conjurer. Dungeon overview: The Dungeons of Doom: levels 1 to 2 Level 1: "vault" A fountain, a grave. Level 2: A bookstore. Stairs down to The Gnomish Mines. The Gnomish Mines: Level 3: <- You were here. Final resting place for you, killed by a gnome. Game over: __________ / \ / REST \ / IN \ / PEACE \ / \ | Catomat | | 332 Au | | killed by a | | gnome | | | | | | 2024 | *| * * * | * _________)/\\_//(\/(/\)/\//\/|_)_______ Goodbye Catomat the Wizard... You died in The Gnomish Mines on dungeon level 3 with 655 points, and 332 pieces of gold, after 1044 moves. You were level 3 with a maximum of 24 hit points when you died.